 Dungeon Crawl Stone Soup version 0.29.1 (webtiles) character file.

Game seed: 6711561119185758461

3 Thelastyateman the Chucker (level 1, 0/15 HPs)
             Began as a Human Wanderer on Sept 13, 2022.
             Slain by a kobold
             ... wielding a +0 club
              (3 damage)
             ... on level 1 of the Dungeon.
             The game lasted 00:01:16 (99 turns).

Thelastyateman the Chucker (Human Wanderer)           Turns: 99, Time: 00:01:17

Health: 0/15       AC:  3    Str: 10    XL:     1   Next: 55%
Magic:  3/3        EV: 11    Int: 13    God:
Gold:   0          SH:  0    Dex: 13    Spells: 3/4 levels left

rFire   . . .      SeeInvis .   a - +0 dagger
rCold   . . .      Faith    .   (no shield)
rNeg    . . .      Spirit   .   d - +0 leather armour
rPois   .          Reflect  .   (no helmet)
rElec   .          Harm     .   (no cloak)
rCorr   .          Rampage  .   (no gloves)
Will    .....                   (no boots)
Stlth   +.........              (no amulet)
HPRegen 0.05/turn               (no ring)
MPRegen 0.08/turn               (no ring)

@: no status effects
A: no striking features
a: no special abilities


You were on level 1 of the Dungeon.
You visited 1 branch of the dungeon, and saw 1 of its levels.

Inventory:

Hand Weapons
 a - a +0 dagger (weapon)
 f - a +0 mace
Missiles
 b - 2 throwing nets (quivered)
 c - 12 poisoned darts
Armour
 d - a +0 leather armour (worn)
Scrolls
 e - a scroll of vulnerability


   Skills:
 + Level 1.0 Fighting
 + Level 3.2 Throwing
 + Level 2.0 Dodging
 + Level 2.0 Spellcasting
 + Level 2.0 Transmutations


You had 3 spell levels left.
You knew the following spells:

 Your Spells              Type           Power      Damage    Failure   Level
a - Beastly Appendage     Tmut           12%        N/A       16%         1

Your spell library contained the following spells:

 Spells                   Type           Power      Damage    Failure   Level
 Spider Form              Tmut/Pois      3%         N/A       56%         3


Dungeon Overview and Level Annotations

Branches:
Dungeon (1/15)

Altars:


Message History

Unknown command.
There are no items here.
There is a fountain of clear blue water here.
What are your orders? t - Shout!
Orders for allies: a - Attack new target. r - Retreat! s - Stop attacking. g - Guard the area. f - Follow me.
Anything else - Cancel.
Okay, then.
Casting: Beastly Appendage (safe; 16% risk of failure)
Confirm with . or Enter, or press ? or * to list all spells.
Okay, then.
Okay, then.
Sorry, you're not good enough to have a special ability.
You aren't carrying any potions.
You aren't carrying any potions.
Unknown command.
A kobold comes into view. It is wielding a +0 club.
Found a club.
The kobold shouts!
A rat comes into view.
A rat comes into view.
Found a flail.
The kobold hits you with a +0 club. The kobold attacks as you move away!
The kobold hits you with a +0 club. The kobold hits you with a +0 club.
The rat bites you but does no damage. The kobold hits you with a +0 club.
* * * LOW HITPOINT WARNING * * *
You hit the rat.
You kill the rat!
The kobold hits you but does no damage. The kobold completely misses you.
The kobold hits you but does no damage. The kobold closely misses you.
The rat bites you.
* * * LOW HITPOINT WARNING * * *
You hit the rat.
You kill the rat!
The kobold hits you with a +0 club.
You die...

..... #.....⌠ ^...
##########..#### ....
#....##.........
#####..###....##.##..####
..............##.##.....
........##.......##...##.
..................#....#
..................#......
.......K@.........#......
...)........#.....##.....
............##....#
............###.###
............# ...#
............# ...#
............# #
...)........#
########....#


You could see a kobold.

Vanquished Creatures
  A hobgoblin (D:1)
  A bat (D:1)
  3 rats (D:1)
5 creatures vanquished.

Notes
Turn   | Place    | Note
-------+----------+-------------------------------------------
     0 | D:1      | Thelastyateman the Human Wanderer began the quest for the
                  | Orb.
     0 | D:1      | Thelastyateman set off with the following items: a +0
                  | dagger, 2 throwing nets, 12 poisoned darts, a +0 leather
                  | armour, a scroll of vulnerability; and the following spell
                  | memorised: Beastly Appendage; and the following spells
                  | available to memorise: Spider Form.
     0 | D:1      | Reached XP level 1. HP: 15/15 MP: 3/3
    99 | D:1      | Slain by a kobold

Illustrated notes

Levels and vault maps discovered:
D:1:      matt_arrival_grand_opening, layout_basic

Action                   || total
-------------------------++-------
Melee: Dagger            ||     9
Armor: Leather armour    ||     8
Dodge: Dodged            ||    13
